 Dungeon Crawl Stone Soup version 0.26.1-11-gd32895ea62 (webtiles) character file.

Game seed: 5500797161474269278

57 Descartes the Ducker (level 3, 0/16 HPs)
             Began as a Felid Transmuter on June 18, 2021.
             Slain by an ogre
             ... wielding a cursed +0 giant spiked club
              (12 damage)
             ... on level 2 of the Dungeon.
             The game lasted 00:04:08 (2817 turns).

Descartes the Ducker (Felid Transmuter)             Turns: 2817, Time: 00:04:08

Health: 0/16       AC:  1    Str:  7    XL:     3   Next: 73%
Magic:  7/7        EV: 19    Int: 14    God:
Gold:   71         SH:  0    Dex: 16    Spells: 5/6 levels left
                                        Lives:  0   Deaths: 1

rFire    . . .     SeeInvis +     - Unarmed
rCold    . . .     Faith    .   (shield unavailable)
rNeg     . . .     Spirit   .   (armour unavailable)
rPois    .         Reflect  .   (helmet unavailable)
rElec    .         Harm     .   (cloak unavailable)
rCorr    .         Rampage  .   (gloves unavailable)
Will     .....                  (boots unavailable)
Stlth    +++.......             (no amulet)
HPRegen  0.05/turn              (no ring)
MPRegen  0.10/turn              (no ring)

@: quick
A: very small, no armour, no weapons or thrown items, stealth, claws 1, fangs 3,
see invisible, speed 1, shaggy fur 1, sharp paws
a: no special abilities


You were on level 2 of the Dungeon.
You visited 1 branch of the dungeon, and saw 2 of its levels.

You collected 71 gold pieces.

Inventory:

Jewellery
 d - a cursed +4 ring of protection {unknown}
Scrolls
 a - 3 scrolls of teleportation {unknown}
 b - 2 scrolls of remove curse {unknown}
 c - 3 scrolls of identify {unknown}
 e - a scroll of random uselessness {unknown}
 f - a scroll of noise {unknown}
 g - a scroll of fear {unknown}


   Skills:
 + Level 1.9 Fighting
 * Level 4.0 Dodging
 * Level 3.3 Stealth
 * Level 3.5 Unarmed Combat
 - Level 2.0 Spellcasting
 + Level 2.3 Transmutations


You had 5 spell levels left.
You knew the following spells:

 Your Spells              Type           Power        Failure   Level
a - Beastly Appendage     Tmut           14%          10%         1

Your spell library contained the following spells:

 Spells                   Type           Power        Failure   Level
 Wereblood                Tmut           7%           14%         2
 Spider Form              Tmut/Pois      2%           41%         3
 Ice Form                 Ice/Tmut       4%           83%         4
 Blade Hands              Tmut           3%           95%         5


Dungeon Overview and Level Annotations

Branches:
Dungeon (2/15)

Altars:


Innate Abilities, Weirdness & Mutations

You cannot wear armour.
You are incapable of wielding weapons or throwing items.
Your paws allow you to move quietly. (Stealth)
You have sharp claws.
You have razor-sharp teeth.
You have supernaturally acute eyesight. (SInv)
You cover ground quickly.
You are covered in fur. (AC +1)
Your sharp claws are effective at attacking unaware monsters.


Message History

You see here a +0 club.
The rat completely misses you.
You scratch the ogre.
The ogre is lightly wounded.
The ogre closely misses you. The rat closely misses you.
You scratch the ogre. You bite the ogre, but do no damage.
The ogre is lightly wounded.
The ogre misses you. The rat completely misses you.
You claw the ogre!
The ogre is heavily wounded.
The rat closely misses you.
You scratch the ogre. You bite the ogre.
The ogre is heavily wounded.
The ogre closely misses you.
You scratch the ogre.
The ogre is severely wounded.
The rat completely misses you.
The ogre hits you with a cursed +0 giant spiked club!
Ouch! That really hurt!
You die...

##.###.# ###.###.########
................
###.###.#######l ...# #.#
#......... #..# ###..#
#####.#### #..# #
...###### #..# #..#
#.######.(......###.# #..#
#...).@r.###......#.# #..#
#######O...###....#.#
#..##### #(.....###....#
#...)..# #........###..#
#.####.## #..)...###...##
#.###...## #....###.....#
#.##.....#####.###...###.#
#.##...............###...#
#.##..<..#####)..###.....#


You could see an ogre and a rat.

Vanquished Creatures
  2 adders (D:2)
  An ooze (D:2)
  3 dart slugs (D:1)
  2 worms (D:2)
  4 leopard geckos
  An orc (D:2)
  8 bats (D:1)
  A giant cockroach (D:2)
  7 goblins
  9 hobgoblins
  A quokka (D:2)
  2 ball pythons (D:1)
  3 frilled lizards (D:2)
  7 kobolds
  7 rats
58 creatures vanquished.

Notes
Turn   | Place    | Note
-------+----------+-------------------------------------------
     0 | D:1      | Descartes the Felid Transmuter began the quest for the Orb.
     0 | D:1      | Reached XP level 1. HP: 9/9 MP: 4/4
   313 | D:1      | Reached skill level 1 in Stealth
   462 | D:1      | Reached XP level 2. HP: 12/12 MP: 6/6
   465 | D:1      | Reached skill level 3 in Dodging
   852 | D:1      | Reached XP level 3. HP: 8/15 MP: 7/7
  2311 | D:2      | Reached XP level 4. HP: 19/19 MP: 8/8
  2414 | D:2      | Noticed an ogre
  2417 | D:2      | Slain by an ogre
  2418 | D:2      | Reached XP level 3. HP: -3/16 MP: 7/7
  2730 | D:2      | Reached skill level 4 in Dodging
  2817 | D:2      | Slain by an ogre

Illustrated notes

Levels and vault maps discovered:
D:1:      heliophobic_arrival_dark_side_of_the_moon, layout_basic
D:2:      layout_loops_ring, minmay_unequal

Skill      XL: |  1  2  3 |
---------------+----------+-----
Stealth        | 1 2 3 |  3.3
Dodging        | 3 4 |  4.0
Fighting       | |  1.9
Unarmed Combat | |  3.5
Spellcasting   | |  2.0
Transmutations | |  2.3

Action                   |  1- 3 |  4- 6 || total
-------------------------+-------+-------++-------
Melee: Unarmed           |   170 |     2 ||   172
       Bite              |    15 |       ||    15
 Cast: Beastly Appendage |     1 |       ||     1
 Stab: Sleeping          |    12 |     2 ||    14
Armor: Skin              |     6 |       ||     6
Dodge: Dodged            |   144 |       ||   144
